AoeStats
← bestingame23

Oasis

508358174Analyzed
4v4 RM · 11d ago on Sep 22, 2026· 42m 49s· 8 players
Game mode
Random Map
Map size
Large (8 player)
Population
200
Speed
Normal
Resources
Standard
Victory
Conquest
Starting age
Dark Age
Ending age
Imperial Age
RankedLock teamsTeams togetherTeam positionsShared explorationLock speedFull tech treeHidden civsTurbo modeCheats
Victory
Defeat
🇨🇦 Mongols · Canada
1256
+10
🇲🇽 Portuguese · Mexico
1215
+12
🇮🇳 Celts · India
1176
+13
🇲🇽 Muisca · Mexico
1089
+16
🇺🇸 Slavs · United States
1128
-13
🇺🇸 Magyars · United States
1128
-13
🇺🇸 Cumans · United States
1115
-13
🇺🇸 Franks · United States
1103
-12
HellSong
10:14 Feudal Age
14:25 Castle Age
13:52 Bloodlines
13:40 Double-Bit Axe
13:41 Horse Collar
15:49 Loom
20:56 Forging
21:44 Bow Saw
21:40 Heavy Plow
23:48 Wheelbarrow
24:34 Hand Cart
25:31 Husbandry
25:39 Stone Mining
25:43 Gold Mining
28:33 Stone Shaft Mining
28:36 Gold Shaft Mining
28:38 Fletching
28:49 Padded Archer Armor
29:28 Ballistics
29:34 Thumb Ring
30:30 Light Cavalry
33:53 Imperial Age
31:41 Squires
31:31 Pikeman
35:03 Elite Mangudai
36:42 Conscription
37:03 Caravan
38:29 Chemistry
37:28 Bodkin Arrow
37:49 Leather Archer Armor
41:44 Bracer
ravish.ratnam
8:06 Loom
10:47 Feudal Age
18:25 Wheelbarrow
21:27 Castle Age
19:33 Double-Bit Axe
21:19 Horse Collar
21:33 Gold Mining
23:38 Ballistics
35:30 Imperial Age
36:08 Bow Saw
37:23 Siege Engineers
38:01 Fletching
39:13 Heavy Scorpion
41:57 Chemistry
NikoNikoNiiUwUQueen
11:47 Feudal Age
13:15 Horse Collar
13:27 Double-Bit Axe
14:29 Wheelbarrow
16:46 Castle Age
16:03 Scale Mail Armor
16:24 Champi Runner
17:07 Champi Warrior
20:03 Loom
21:11 Squires
22:13 Chain Mail Armor
23:03 Bow Saw
26:04 Hand Cart
28:43 Heavy Plow
29:39 Gold Mining
34:19 Pikeman
40:17 Forging
39:58 Fletching
40:08 Padded Archer Armor
44:36 Imperial Age
Manzanito
4:34 Loom
9:45 Feudal Age
12:34 Wheelbarrow
13:39 Double-Bit Axe
13:59 Arson
18:04 Horse Collar
24:49 Fletching
25:55 Gold Mining
30:00 Castle Age
29:14 Scale Barding Armor
30:33 Crossbowman
31:59 Forging
33:15 Husbandry
33:21 Padded Archer Armor
35:12 Chain Barding Armor
36:50 Iron Casting
39:56 Bloodlines
bestingame23
10:09 Feudal Age
13:49 Loom
23:41 Wheelbarrow
30:51 Castle Age
Slaylan
10:23 Feudal Age
13:07 Bloodlines
13:16 Scale Barding Armor
14:44 Bloodlines
20:20 Padded Archer Armor
20:10 Fletching
26:22 Castle Age
26:47 Crossbowman
27:50 Leather Archer Armor
27:31 Bodkin Arrow
29:16 Chain Barding Armor
29:35 Scale Mail Armor
alinnster
2:45 Loom
10:49 Feudal Age
11:55 Double-Bit Axe
19:21 Castle Age
18:36 Scale Barding Armor
21:10 Husbandry
26:14 Bow Saw
27:01 Coinage
27:22 Fletching
28:12 Forging
28:07 Scale Barding Armor
27:59 Bodkin Arrow
28:22 Stone Mining
28:24 Gold Mining
34:23 Iron Casting
34:19 Chain Barding Armor
35:07 Wheelbarrow
38:16 Hand Cart
38:34 Fervor
42:27 Imperial Age
40:53 Gold Shaft Mining
Skymall
9:59 Feudal Age
8:59 Loom
11:02 Double-Bit Axe
15:40 Horse Collar
18:18 Wheelbarrow
20:31 Castle Age
18:58 Bloodlines
21:17 Fletching
22:45 Padded Archer Armor
22:41 Bodkin Arrow
26:35 Heavy Plow
27:55 Hand Cart
27:46 Town Watch
37:45 Ballistics
41:54 Imperial Age
39:05 Elite Skirmisher
39:59 Pikeman
40:39 Squires
40:42 Husbandry
40:21 Light Cavalry
42:39 Scale Barding Armor
42:45 Forging
Connection lost

Rejoining the realm…

Still unreachable

The connection could not be restored.

Session expired

The server has moved on; the page needs a fresh start.